[Event "*** Titled Tuesday Blitz"]
[Site "Chess.com"]
[Date "2021.04.20"]
[Round "8"]
[White "Andrii_Prydun"]
[Black "sergeikim"]
[Result "1-0"]
[WhiteElo "2347"]
[BlackElo "2505"]
[TimeControl "180+1"]
[EndTime "11:25:55 PDT"]
[Termination "Andrii_Prydun won by resignation"]

1. d4 Nf6 2. Nc3 d5 3. Bf4 Bf5 4. e3 e6 5. f3 Bb4 6. Ne2 a6 7. g4 Bg6 8. h4 h6 9. a3 Bd6 10. Qd2 Nc6 11. Bg2 Qd7 12. O-O-O O-O-O 13. Bxd6 cxd6 14. Nf4 Bh7 15. g5 Ne8 16. g6 fxg6 17.
Ncxd5 Kb8 18. Bh3 Qf7 19. Nxe6 Rc8 20. Nb6 Nf6 21. Nxc8 Rxc8 22. Ng5 hxg5 23. Bxc8 Kxc8 24. hxg5 Nh5 25. d5 Ne5 26. f4 Nd7 27. Qb4 Nc5 28. Qd4 Bg8 29. b4 Nd7 30. Rhg1 Qf5 31. c4 Qh3 32. c5 dxc5 33. bxc5 Qh2 34. c6 Nb8 35. Qa7 bxc6 36. d6 Kd8 37. Qe7+ 1-0

[Event "*** Titled Tuesday Blitz"]
[Site "Chess.com"]
[Date "2021.04.20"]
[Round "8"]
[White "LittleMyMoomin"]
[Black "Frogo47"]
[Result "0-1"]
[WhiteElo "1914"]
[BlackElo "2541"]
[TimeControl "180+1"]
[EndTime "11:25:55 PDT"]
[Termination "Frogo47 won by resignation"]

1. Nf3 Nf6 2. g3 g6 3. Bg2 Bg7 4. O-O O-O 5. c4 d6 6. d3 e5 7. Nc3 Re8 8. e4 Bg4 9. h3 Bxf3 10. Qxf3 Nc6 11. Be3 Nd7 12. Nd5 Nc5 13. Qe2 Ne6 14. f4 Ncd4 15. Qf2 c6 16. Nc3 Nc5 17. Rad1 a5 18. f5 Qc7 19. f6 Bf8 20. Ne2 Nc2 21. Bg5 Nb4 22. Qe3 Nxa2 23. Bh6 Ne6 24. Bxf8 Rxf8 25.
Qh6 Kh8 26. Rf2 Rg8 27. Rdf1 Qd8 28. h4 Nb4 29. Rf3 Qf8 30. Qe3 Nc2 31. Qd2 Ncd4 32. R3f2 Nxe2+ 33. Qxe2 a4 34. h5 Qh6 35. hxg6 Rxg6 36.
Rf5 Rxg3 37. Rh5 Qg6 38. Rf3 Nd4 39. Rxg3 Nxe2+ 40. Kf2 Nxg3 0-1

[Event "*** Titled Tuesday Blitz"]
[Site "Chess.com"]
[Date "2021.04.20"]
[Round "8"]
[White "narutosmith"]
[Black "MPGM"]
[Result "0-1"]
[WhiteElo "2328"]
[BlackElo "2508"]
[TimeControl "180+1"]
[EndTime "11:25:58 PDT"]
[Termination "MPGM won by checkmate"]

1. d4 Nf6 2. c4 e6 3. Nc3 Bb4 4. e3 O-O 5. Bd2 b6 6. Nf3 Bb7 7. Bd3 Bxc3 8. Bxc3 Be4 9. O-O d6 10. b4 Nbd7 11. a4 a6 12. a5 Qc8 13. Ng5 Bxd3 14.
Qxd3 d5 15. axb6 cxb6 16. c5 a5 17. Qb5 axb4 18. Bxb4 bxc5 19. Bxc5 Nxc5 20. Rxa8 Qxa8 21. dxc5 Rb8 22. Qd3 h6 23. Nf3 Ne4 24. Qd4 Rc8 25. Ra1 Qb8 26. Rc1 Rxc5 27. Rd1 Rc2 28. Rf1 Qa8 29. h3 Qa2 30. Qb6 Rxf2 31. Qc6 Rxg2+ 32. Kh1 Ng3# 0-1

[Event "*** Titled Tuesday Blitz"]
[Site "Chess.com"]
[Date "2021.04.20"]
[Round "8"]
[White "emperor87"]
[Black "Ajedrez_con_German"]
[Result "0-1"]
[WhiteElo "2685"]
[BlackElo "2532"]
[TimeControl "180+1"]
[EndTime "11:26:00 PDT"]
[Termination "Ajedrez_con_German won by resignation"]

1. d4 d5 2. Nf3 Nf6 3. Bg5 Ne4 4. Bf4 e6 5. Nbd2 Nxd2 6. Qxd2 Bd6 7. Ne5 O-O 8. e3 Nd7 9. Nd3 Bxf4 10. Nxf4 c6 11. Bd3 e5 12. dxe5 Nxe5 13. Be2 Qe7 14. h4 Bg4 15.
Bxg4 Nxg4 16. h5 h6 17. O-O-O Rfe8 18. Qe2 Qg5 19. Qf3 Ne5 20. Qh3 Nc4 21. Kb1 Qf6 22. Nd3 a5 23. Qg3 a4 24. Rh4 a3 25. Rf4 Qe7 26. Rg4 axb2 27. Rxg7+ Kh8 28. Nf4 Rxa2 0-1

[Event "*** Titled Tuesday Blitz"]
[Site "Chess.com"]
[Date "2021.04.20"]
[Round "8"]
[White "annamaja"]
[Black "alejogarcia1999"]
[Result "0-1"]
[WhiteElo "2285"]
[BlackElo "2462"]
[TimeControl "180+1"]
[EndTime "11:26:02 PDT"]
[Termination "alejogarcia1999 won on time"]

1. e4 c5 2. Nf3 e6 3. d4 cxd4 4. Nxd4 Nc6 5. Nc3 Nf6 6. g3 d5 7. Bg2 dxe4 8. Nxc6 Qxd1+ 9. Kxd1 bxc6 10. Nxe4 Bb7 11.
Nxf6+ gxf6 12. Be3 O-O-O+ 13. Kc1 Kb8 14. Rd1 Bg7 15. c3 Rxd1+ 16. Kxd1 h5 17. h4 Bh6 18. Bc5 Rd8+ 19. Ke1 Rd2 20. Ba3 Ba6 21. Bf3 Kc7 22. Bxh5 Rd5 23. Bf3 Re5+ 24. Kd1 Rf5 25. Be4 Rxf2 26.
Rb1 Rd2+ 27. Ke1 Re2+ 28. Kd1 Rxe4 0-1

[Event "*** Titled Tuesday Blitz"]
[Site "Chess.com"]
[Date "2021.04.20"]
[Round "8"]
[White "Jospem"]
[Black "ehrenfeld"]
[Result "1-0"]
[WhiteElo "2964"]
[BlackElo "2545"]
[TimeControl "180+1"]
[EndTime "11:26:04 PDT"]
[Termination "Jospem won by checkmate"]

1. e4 e5 2. Nf3 Nc6 3. Bb5 a6 4. Ba4 Nf6 5. d3 d6 6. c3 g6 7.
h3 Bg7 8. O-O O-O 9. Be3 Bd7 10.
Nbd2 Re8 11. Re1 h6 12. a3 Nh5 13. d4 Nf4 14. Bxf4 exf4 15. Bc2 a5 16. Nf1 Ne7 17.
N1h2 a4 18. Qd2 g5 19. Qd3 c6 20. Rad1 d5 21. e5 Bf5 22. Qd2 Bxc2 23. Qxc2 Qc8 24. e6 fxe6 25. h4 Bf6 26. Ng4 Kg7 27. Re2 Ng6 28.
h5 Nf8 29. Rde1 Qc7 30. Nfe5 Bxe5 31. Nxe5 b5 32. g3 fxg3 33. fxg3 Re7 34. Rf1 Kg8 35.
Ref2 Rg7 36. Rf6 Re8 37. Rxh6 Nd7 38. Ng6 Qxg3+ 39. Qg2 Qxg2+ 40. Kxg2 Nf8 41. Rh8# 1-0

[Event "*** Titled Tuesday Blitz"]
[Site "Chess.com"]
[Date "2021.04.20"]
[Round "8"]
[White "The_filthy"]
[Black "Pelopidass"]
[Result "0-1"]
[WhiteElo "2420"]
[BlackElo "2559"]
[TimeControl "180+1"]
[EndTime "11:26:04 PDT"]
[Termination "Pelopidass won on time"]

1. e4 c5 2. Nf3 d6 3. d4 cxd4 4. Nxd4 Nf6 5. Nc3 a6 6. Be3 e5 7.
Nb3 Be7 8. f3 Be6 9. Qd2 h5 10.
Nd5 Nxd5 11. exd5 Bf5 12. c4 a5 13. Be2 Nd7 14. O-O h4 15. Nc1 Bg6 16. Bd3 Bxd3 17. Nxd3 Rc8 18. Rac1 O-O 19. Kh1 f5 20. f4 e4 21. Nf2 Bf6 22. b3 Nc5 23. Rfe1 b6 24.
Bxc5 bxc5 25. Nd1 g5 26. g3 hxg3 27. hxg3 Rc7 28. Re2 Rh7+ 29. Rh2 Rff7 30. Kg1 Bd4+ 31. Kf1 gxf4 32. gxf4 Rfg7 0-1

[Event "*** Titled Tuesday Blitz"]
[Site "Chess.com"]
[Date "2021.04.20"]
[Round "8"]
[White "jacky72"]
[Black "nocnypako"]
[Result "0-1"]
[WhiteElo "2696"]
[BlackElo "2536"]
[TimeControl "180+1"]
[EndTime "11:26:06 PDT"]
[Termination "nocnypako won by resignation"]

1. d4 Nf6 2. c4 g6 3. Nc3 d5 4. Nf3 Bg7 5. h4 c5 6. cxd5 Nxd5 7. e4 Nxc3 8. bxc3 Bg4 9. Be3 Nc6 10. Bb5 cxd4 11.
Bxc6+ bxc6 12. cxd4 Bxf3 13. gxf3 c5 14. Qa4+ Qd7 15. Qxd7+ Kxd7 16. Rd1 cxd4 17. Bxd4 Bxd4 18. Rxd4+ Ke6 19. h5 Rhb8 20. Ke2 Rb2+ 21. Rd2 Rxd2+ 22. Kxd2 Rb8 23. Kc3 Rb5 24. hxg6 hxg6 25. f4 Ra5 26. Kb3 Rh5 27. Re1 Rh3+ 28. Kb4 Rf3 29. Re2 Rxf4 30.
Kb5 Rf3 31. a4 Ra3 32. a5 Ke5 33. Ka6 g5 34. Re1 e6 35. Rg1 f6 36. Re1 Kf4 37. Kb5 e5 38. Ka6 Kf3 39. Rc1 Kxf2 40. Rc6 g4 41. Rxf6+ Ke3 42. Rg6 Kf3 43. Rg5 Kf4 44. Rg7 g3 45. Rxa7 g2 46. Rf7+ Ke3 47. Rg7 Kf2 48. Rxg2+ Kxg2 49. Kb6 Kf3 50. a6 Kxe4 51.
a7 Kd4 52. a8=Q Rxa8 53. Kb7 Rh8 0-1

[Event "*** Titled Tuesday Blitz"]
[Site "Chess.com"]
[Date "2021.04.20"]
[Round "8"]
[White "maximych26"]
[Black "dodorox"]
[Result "0-1"]
[WhiteElo "2264"]
[BlackElo "2132"]
[TimeControl "180+1"]
[EndTime "11:26:06 PDT"]
[Termination "dodorox won by checkmate"]

1. e4 e6 2. d4 d5 3. Nd2 Nc6 4.
Ngf3 Nf6 5. e5 Nd7 6. c3 f6 7. exf6 Qxf6 8. Bd3 Bd6 9. O-O O-O 10. Re1 e5 11. dxe5 Ndxe5 12. Be2 Bg4 13. Qb3 Rae8 14. Qxd5+ Kh8 15. Ne4 Nxf3+ 16. gxf3 Qg6 17. Ng3 Bxf3 18. Qd1 Rxe2 19. Rxe2 Qg4 20. Be3 Bxg3 21. hxg3 Bxe2 22. Qe1 Bf3 23. Qf1 Qh5 24. Qg2 Bxg2 25. Kxg2 Qf3+ 26. Kg1 Ne5 27. Re1 Ng4 28. Bd4 Nxf2 29. Kh2 Ng4+ 30. Kh3 Nf6 31. Re3 Qh5+ 32. Kg2 Qd5+ 33. Kh3 Nd7 34.
g4 Qf7 35. Rg3 Nf6 36. Kg2 Ne4 37. Rd3 Qf1+ 38. Kh2 Qxd3 39. g5 Qf3 40. g6 Qg3+ 41. Kh1 Rf1+ 42. Bg1 Rxg1# 0-1

[Event "*** Titled Tuesday Blitz"]
[Site "Chess.com"]
[Date "2021.04.20"]
[Round "8"]
[White "DFeco"]
[Black "LenkaPtacnikova"]
[Result "1/2-1/2"]
[WhiteElo "2300"]
[BlackElo "2179"]
[TimeControl "180+1"]
[EndTime "11:26:07 PDT"]
[Termination "Game drawn by repetition"]

1. c4 c5 2. g3 Nc6 3. Bg2 e6 4. Nf3 d5 5. cxd5 exd5 6. d4 Nf6 7.
dxc5 Bxc5 8. O-O O-O 9. Bg5 d4 10. Nbd2 Re8 11. Nb3 Bb6 12. Qd2 h6 13. Bxf6 Qxf6 14.
Rfd1 Bg4 15. Rac1 Rad8 16. h3 Be6 17. Nc5 Bxa2 18. Nxb7 Bb3 19. Nxd8 Rxd8 20. Ng5 Qxg5 21. Qxg5 hxg5 22. Bxc6 Bxd1 23. Rxd1 Rc8 24. Be4 Kf8 25.
Bd3 Ke7 26. Rd2 Kf6 27. Rc2 Rxc2 28. Bxc2 Ke5 29. Kg2 f5 30. Kf3 Ba5 31. g4 f4 32.
Bb3 Bd2 33. Bg8 Bc1 34. b3 Bd2 35. Bc4 a5 36. Bg8 Bc3 37. Bc4 Bd2 38. Bg8 Bc1 39. Bc4 Bd2 1/2-1/2

[Event "*** Titled Tuesday Blitz"]
[Site "Chess.com"]
[Date "2021.04.20"]
[Round "8"]
[White "Matols"]
[Black "ural58"]
[Result "0-1"]
[WhiteElo "2269"]
[BlackElo "2457"]
[TimeControl "180+1"]
[EndTime "11:26:08 PDT"]
[Termination "ural58 won on time"]

1. d4 d5 2. c4 e5 3. dxe5 d4 4. Nf3 Nc6 5. a3 g6 6. e3 Bg4 7. Be2 Bxf3 8. Bxf3 Nge7 9. O-O Bg7 10. exd4 Qxd4 11.
e6 fxe6 12. Qe2 Qe5 13. Nc3 Qxe2 14. Nxe2 O-O-O 15. Rb1 Ne5 16. Be4 Nxc4 17. Bg5 Rhe8 18. Rbc1 Nd6 19. Bf3 Bxb2 20. Rc2 Bxa3 21. Ra1 Nb5 22. Rb1 a6 23. h4 Rd7 24. Bg4 Nf5 25. Nf4 Bd6 26. Re1 Bxf4 27. Bxf4 Nbd4 28. Rb2 b5 29.
Be5 Kb7 0-1

[Event "*** Titled Tuesday Blitz"]
[Site "Chess.com"]
[Date "2021.04.20"]
[Round "8"]
[White "Piccadilly123"]
[Black "szachuspl"]
[Result "0-1"]
[WhiteElo "2225"]
[BlackElo "2515"]
[TimeControl "180+1"]
[EndTime "11:26:08 PDT"]
[Termination "szachuspl won by resignation"]

1. e4 g6 2. d4 Bg7 3. Nf3 d6 4. c3 Nf6 5. Bd3 O-O 6. O-O Nc6 7. h3 e5 8. dxe5 Nxe5 9. Qe2 Nxd3 10. Qxd3 Re8 11.
Bg5 h6 12. Bxf6 Qxf6 13. Nbd2 Bd7 14. Nd4 a6 15. Rae1 Rad8 16. f4 Qe7 17. Qf3 c5 18. Nc2 Bc6 19. f5 Be5 20. Ne3 Qg5 21. g4 Rf8 22. Ndc4 b5 23. Nxe5 dxe5 24. Qg3 Rfe8 25. h4 Qe7 26. g5 h5 27. fxg6 fxg6 28. Qg2 Rf8 29. Nd5 Bxd5 30. exd5 Rf5 31. Qe4 Rdf8 32. Rxf5 Rxf5 33. Rd1 Qd6 34. b3 Rf4 35. Qe1 Rg4+ 36. Kh2 e4+ 37. Kh3 Rf4 38. c4 b4 39. Rd2 Rf3+ 40. Kg2 Qf4 41. Kh1 Rf1+ 42. Qxf1 Qxf1+ 43. Kh2 Qf4+ 0-1

[Event "*** Titled Tuesday Blitz"]
[Site "Chess.com"]
[Date "2021.04.20"]
[Round "8"]
[White "MIJuanReyesRosa"]
[Black "tteshan"]
[Result "0-1"]
[WhiteElo "2038"]
[BlackElo "2252"]
[TimeControl "180+1"]
[EndTime "11:26:08 PDT"]
[Termination "tteshan won on time"]

1. d4 d5 2. c4 dxc4 3. e3 Nf6 4. Bxc4 e6 5. Nf3 a6 6. Bb3 c5 7.
O-O Nc6 8. Qe2 cxd4 9. Rd1 Be7 10. exd4 O-O 11. Nc3 Na5 12. Bc2 b5 13. Ne5 Bb7 14.
Bg5 Rc8 15. Rac1 Nc4 16. Bb1 Nd5 17. Qh5 f5 18. Bxe7 Qxe7 19. Re1 Nxb2 20. Nf3 Rxc3 21. Bxf5 Rxf5 22. Qxf5 Rxc1 0-1

[Event "*** Titled Tuesday Blitz"]
[Site "Chess.com"]
[Date "2021.04.20"]
[Round "8"]
[White "VladaSviridova"]
[Black "AthanasiusLefebvre"]
[Result "1-0"]
[WhiteElo "2265"]
[BlackElo "2037"]
[TimeControl "180+1"]
[EndTime "11:26:09 PDT"]
[Termination "VladaSviridova won on time"]

1. d4 d6 2. Nf3 g6 3. c4 Bg7 4. Nc3 f6 5. e4 Nh6 6. Be2 O-O 7. O-O Nf7 8. d5 e5 9. dxe6 Bxe6 10. Be3 Ne5 11. Nd2 f5 12. f4 Ng4 13. Bxg4 fxg4 14.
Rc1 Nc6 15. Nd5 Ne7 16. Qc2 c6 17. Nxe7+ Qxe7 18. Rce1 Qh4 19. g3 Qf6 20. Rb1 d5 21. e5 Qf5 22. Qc3 dxc4 23. Nxc4 Bd5 24. Nd6 Qh5 25. Rbd1 Qh3 26. Rxd5 cxd5 27. Qb3 Kh8 28. Qxd5 1-0

[Event "*** Titled Tuesday Blitz"]
[Site "Chess.com"]
[Date "2021.04.20"]
[Round "8"]
[White "AlexTriapishko"]
[Black "Oleksandr_Bortnyk"]
[Result "0-1"]
[WhiteElo "2896"]
[BlackElo "2955"]
[TimeControl "180+1"]
[EndTime "11:26:10 PDT"]
[Termination "Oleksandr_Bortnyk won on time"]

1. Nf3 Nf6 2. g3 d6 3. d4 g6 4. Bg2 Bg7 5. b3 O-O 6. Bb2 Bf5 7. O-O c6 8. c4 Qd7 9. Re1 a5 10. Nc3 Ne4 11. Rc1 Nxc3 12. Bxc3 Be4 13. e3 d5 14.
Qe2 a4 15. b4 a3 16. b5 dxc4 17. Ne5 Qd5 18. f3 Bd3 19. Nxd3 cxd3 20. Qxd3 Qxa2 21. Ra1 Qd5 22. f4 Qxb5 23. Qxb5 cxb5 24. Bb4 a2 25. Bxb7 Ra4 26. Bxe7 Re8 27. Bc5 Na6 28.
Bc6 Rb8 29. Bd6 Rb6 30. Rec1 Rxd4 31. exd4 Bxd4+ 32. Kg2 Bxa1 33. Rxa1 Rxc6 34. Be5 Rc2+ 35. Kf3 Nc5 36. Rd1 f6 37. Bxf6 Kf7 38. Be5 b4 0-1

[Event "*** Titled Tuesday Blitz"]
[Site "Chess.com"]
[Date "2021.04.20"]
[Round "8"]
[White "korkmaz16"]
[Black "HanSchut"]
[Result "1-0"]
[WhiteElo "2457"]
[BlackElo "2275"]
[TimeControl "180+1"]
[EndTime "11:26:11 PDT"]
[Termination "korkmaz16 won by checkmate"]

1. e4 c5 2. Nc3 d6 3. f4 g6 4. Nf3 Bg7 5. Bc4 e6 6. O-O Ne7 7. d3 d5 8. Bb3 O-O 9. Qe1 Nbc6 10. f5 c4 11. f6 Bxf6 12. e5 Bg7 13.
dxc4 dxc4 14. Bxc4 Nf5 15. Kh1 Ncd4 16. Bb3 Nxb3 17.
axb3 Nd4 18. Nxd4 Qxd4 19. Bf4 Qc5 20. Qh4 h5 21. Ne4 Qxc2 22. Nf6+ Kh8 23. Bg5 b6 24. Rf2 Qd3 25. Rf3 Qc2 26. Rg1 Bb7 27. Rh3 Bxf6 28. Bxf6+ Kh7 29. Qg5 Qf5 30. Rxh5+ gxh5 31. Qg7# 1-0

[Event "*** Titled Tuesday Blitz"]
[Site "Chess.com"]
[Date "2021.04.20"]
[Round "8"]
[White "Guzman70"]
[Black "suneebaker"]
[Result "0-1"]
[WhiteElo "2289"]
[BlackElo "2208"]
[TimeControl "180+1"]
[EndTime "11:26:11 PDT"]
[Termination "suneebaker won by resignation"]

1. e4 e5 2. Nf3 Nc6 3. d4 exd4 4. Nxd4 Nf6 5. Nxc6 bxc6 6. e5 Qe7 7. Qe2 Nd5 8.
c4 Ba6 9. b3 f6 10. exf6 Qxe2+ 11. Bxe2 Nxf6 12. O-O Bc5 13. Nd2 O-O 14. Bb2 Rae8 15. Bf3 d5 16. Rfe1 Ne4 17. Bxe4 Bxf2+ 18. Kh1 Bxe1 19. Rxe1 dxe4 20. Kg1 Re6 21. Re3 c5 22. Rxe4 Rxe4 23. Nxe4 Rf5 24. Ba3 Bb7 25. Nxc5 Bc6 26. Ne6 Re5 27. Nd4 Bb7 28. Kf2 Ra5 29. Bb4 Rxa2+ 30. Ke3 Rxg2 31. Nb5 Rxh2 32. Nxc7 Rh3+ 33. Kd4 Rxb3 34. Bc3 h5 35. Ne6 h4 36. Nd8 h3 37.
Nxb7 Rxb7 0-1

[Event "*** Titled Tuesday Blitz"]
[Site "Chess.com"]
[Date "2021.04.20"]
[Round "8"]
[White "yonaltimur"]
[Black "kinga2008"]
[Result "1/2-1/2"]
[WhiteElo "1758"]
[BlackElo "2181"]
[TimeControl "180+1"]
[EndTime "11:26:11 PDT"]
[Termination "Game drawn by repetition"]

1. e4 c5 2. Nf3 Nc6 3. Bb5 e6 4.
Bxc6 bxc6 5. c4 g6 6. O-O Bg7 7. d3 Ne7 8. Nc3 O-O 9. e5 f5 10. exf6 Bxf6 11. Be3 d6 12. Qc2 Rb8 13. Bg5 Bxg5 14.
Nxg5 Nf5 15. Nge4 Nd4 16. Qd2 Qb6 17. b3 d5 18. Ng5 h6 19. Nh3 g5 20. Nxg5 hxg5 21. Qxg5+ Kf7 22. Na4 Rg8 23. Qf4+ Ke8 24.
Nxb6 Ne2+ 25. Kh1 Nxf4 26. Nxc8 Rxc8 27. cxd5 cxd5 28. Rad1 Kd7 29. g3 Nh3 30. f4 Rcf8 31.
Rd2 e5 32. f5 Rg5 33. f6 Rg6 34. Kg2 Nf4+ 35. Kh1 Ne6 36. Rdf2 Ng5 37. h4 Nh7 38. Kh2 Rgxf6 39. Rxf6 Rxf6 40. Rxf6 Nxf6 41. Kh3 e4 42. dxe4 dxe4 43. g4 Kd6 44. g5 e3 45. Kg3 Nh5+ 46.
Kf3 Ng7 47. Kxe3 Nf5+ 48. Kf4 Nxh4 49. Kg4 Ng6 50. Kh5 Ne7 51. Kh6 Kd5 52. Kg7 Kd4 53. Kf6 Nd5+ 54. Kf7 Nf4 55. Kf6 Kc3 56. Kf5 Nh5 57.
g6 Kb2 58. Kg5 Ng7 59. Kf6 Nh5+ 60. Kg5 Ng7 61. Kf6 Ne8+ 62. Ke7 Ng7 63. Kf6 1/2-1/2

[Event "*** Titled Tuesday Blitz"]
[Site "Chess.com"]
[Date "2021.04.20"]
[Round "8"]
[White "ri4mi"]
[Black "Sanyura"]
[Result "0-1"]
[WhiteElo "2349"]
[BlackElo "2585"]
[TimeControl "180+1"]
[EndTime "11:26:13 PDT"]
[Termination "Sanyura won on time"]

1. e4 c5 2. Nc3 e6 3. Nf3 Nc6 4. d4 cxd4 5. Nxd4 Nf6 6. Nxc6 bxc6 7. e5 Nd5 8. Ne4 Qc7 9. f4 Qb6 10. c4 Bb4+ 11. Ke2 f5 12. Nf2 Ne7 13. Be3 Bc5 14.
Bxc5 Qxc5 15. Kf3 Qb6 16. Qd6 g5 17. fxg5 Qxb2 18. Bd3 Ng6 19. Rhe1 Qd2 20. g3 c5 21. Rab1 Qxg5 22. Qxc5 h5 23. h4 Qh6 24. Nh3 Qd2 25.
Nf2 Bb7+ 26. Rxb7 Qxe1 27. Qd6 Rd8 28. Kg2 Qxe5 29. Qc7 Rg8 30. Rxa7 Nf4+ 31. Kf1 Qa1+ 0-1

[Event "*** Titled Tuesday Blitz"]
[Site "Chess.com"]
[Date "2021.04.20"]
[Round "8"]
[White "AwareIdea"]
[Black "bilelou"]
[Result "0-1"]
[WhiteElo "2477"]
[BlackElo "2630"]
[TimeControl "180+1"]
[EndTime "11:26:14 PDT"]
[Termination "bilelou won by resignation"]

1. d4 Nf6 2. c4 e6 3. g3 d5 4. Bg2 dxc4 5. Nf3 c6 6. O-O b5 7.
Ne5 Bb7 8. a4 a6 9. Nc3 Nd5 10.
e4 Nxc3 11. bxc3 Nd7 12. f4 Be7 13. Be3 O-O 14. Qe2 Rc8 15. Rfb1 f5 16. Nxc4 fxe4 17. Bxe4 Ba8 18. Ne5 Nf6 19. Bg2 Nd5 20. Bd2 Bf6 21. c4 bxc4 22. Qxc4 c5 23. dxc5 Bxe5 24. fxe5 Qc7 25.
Rc1 Kh8 26. Qd4 Rfd8 27. Bg5 Rd7 28. Rf1 h6 29. Bd2 Ne7 30. Qe3 Bxg2 31. Kxg2 Qc6+ 32. Kg1 Nf5 33. Qc3 Rcd8 34. Rf2 Rd3 35. Qb2 Nxg3 36. Bxh6 Nf5 37. Bg5 R8d4 38. Bf4 Qxc5 39. Raf1 Rxf4 40. Qb8+ Kh7 41. Qe8 Rxf2 42. Qh5+ Nh6 43. Rxf2 Qc1+ 44. Kg2 Rd2 45. Qf3 Rxf2+ 46. Qxf2 Qg5+ 47. Qg3 Qf5 48. a5 Nf7 49. h4 Qxe5 50. Qxg7+ Kxg7 0-1

[Event "*** Titled Tuesday Blitz"]
[Site "Chess.com"]
[Date "2021.04.20"]
[Round "8"]
[White "pastouche06"]
[Black "VinzentSpitzl"]
[Result "1-0"]
[WhiteElo "2561"]
[BlackElo "2421"]
[TimeControl "180+1"]
[EndTime "11:26:14 PDT"]
[Termination "pastouche06 won by resignation"]

1. d4 Nf6 2. c4 e6 3. Nc3 d5 4. cxd5 exd5 5. Bg5 Bb4 6. e3 h6 7. Bh4 Nbd7 8. Bd3 g5 9. Bg3 Ne4 10. Ne2 h5 11. f3 h4 12. fxe4 hxg3 13. Nxg3 Bxc3+ 14. bxc3 dxe4 15. Bxe4 Nf6 16. Qf3 Bg4 17. Qf2 Qe7 18.
Bxb7 Rb8 19. Bc6+ Kf8 20. O-O Kg7 21. e4 Rb6 22. Ba4 Nd7 23. Bb3 f6 24. h3 Be6 25.
d5 Bxh3 26. gxh3 Qe5 27. Nf5+ Kg6 28. Qg3 Qxe4 29. Rae1 Rxh3 30. Qxh3 Qh1+ 31. Qxh1 1-0

[Event "*** Titled Tuesday Blitz"]
[Site "Chess.com"]
[Date "2021.04.20"]
[Round "8"]
[White "MrChampion_Coach"]
[Black "BigAl"]
[Result "0-1"]
[WhiteElo "2419"]
[BlackElo "2591"]
[TimeControl "180+1"]
[EndTime "11:26:16 PDT"]
[Termination "BigAl won on time"]

1. d4 Nf6 2. c4 g6 3. Nc3 Bg7 4. e4 O-O 5. h3 d6 6. Be3 c5 7. d5 e6 8. Nf3 exd5 9. exd5 Re8 10.
Bd3 a6 11. O-O Nbd7 12. Re1 b5 13. cxb5 axb5 14. Bxb5 Ba6 15. Bc6 Rb8 16. Qa4 Bd3 17.
Bg5 Rb4 18. Bxf6 Rxe1+ 19. Nxe1 Nxf6 20. Qa7 Bf5 21. Nf3 Ne4 22. Re1 h6 23. a3 Bxc3 24. bxc3 Rb2 25. g4 Rxf2 26. Nh2 Qh4 0-1

[Event "*** Titled Tuesday Blitz"]
[Site "Chess.com"]
[Date "2021.04.20"]
[Round "8"]
[White "TimofeevAr"]
[Black "deribas12345"]
[Result "1-0"]
[WhiteElo "2812"]
[BlackElo "2538"]
[TimeControl "180+1"]
[EndTime "11:26:17 PDT"]
[Termination "TimofeevAr won by resignation"]

1. c4 c5 2. Nf3 Nf6 3. Nc3 d5 4. cxd5 Nxd5 5. Qa4+ Nc6 6. Ne5 Nxc3 7. dxc3 Qc7 8. Bf4 Bd7 9. Nxd7 Qxd7 10. Rd1 Qc8 11.
e3 a6 12. Be2 e6 13. Bf3 Be7 14. Bxc6+ bxc6 15. Bd6 Qb7 16. Bxe7 Kxe7 17. O-O Rad8 18. Qh4+ f6 19. Rxd8 Kxd8 20. b3 Qd7 21. Qc4 Ke7 22. Qxc5+ Kf7 23. Qc4 a5 24. h3 Rd8 25. a4 Qd5 26. Qxd5 Rxd5 27. b4 Ke7 28. Rb1 Kd7 29. c4 Rd2 30. bxa5 Ra2 31. Rb7+ Kd6 32. Rxg7 Rxa4 33.
Rxh7 Rxa5 34. Rh4 e5 35. Rg4 Ra1+ 36. Kh2 Rc1 37. h4 f5 38. Rg6+ Kc5 39. h5 Rxc4 40. g3 Ra4 41. h6 Ra8 42. e4 fxe4 43. g4 Kd5 44. g5 c5 45. h7 Rh8 46. Rh6 c4 47. g6 c3 48. g7 1-0

[Event "*** Titled Tuesday Blitz"]
[Site "Chess.com"]
[Date "2021.04.20"]
[Round "8"]
[White "AlexSuv"]
[Black "Flopezin"]
[Result "1-0"]
[WhiteElo "2563"]
[BlackElo "2343"]
[TimeControl "180+1"]
[EndTime "11:26:20 PDT"]
[Termination "AlexSuv won by resignation"]

1. d4 Nf6 2. c4 e6 3. Nc3 Bb4 4. e3 c5 5. Nf3 Bxc3+ 6. bxc3 d6 7.
Bd3 Nc6 8. O-O O-O 9. e4 e5 10.
Bg5 cxd4 11. cxd4 Bg4 12. dxe5 dxe5 13. h3 Bh5 14. g4 Bg6 15. Qe2 Nd4 16. Nxd4 Qxd4 17. Be3 Qd6 18. c5 Qc7 19. f3 Nd7 20. Rfc1 f6 21. Bc4+ Bf7 22. Bd5 Rac8 23. Rab1 Qa5 24.
Bxb7 Rc7 25. c6 Nb6 26. Rb5 Qxa2 27. Qxa2 Bxa2 28. Rxb6 axb6 29. Bxb6 Rff7 30. Bxc7 Rxc7 31. Rd1 Kf7 32. Kf2 Bb3 33. Rd2 Ba4 34. Ba8 Ke7 35. Ra2 Bxc6 36. Bxc6 Rxc6 37. Ra7+ Kf8 38. Kg3 Rc1 39.
h4 Rg1+ 40. Kf2 Rh1 41. h5 Kg8 42. Ke2 Rd1 43. Kxd1 1-0

[Event "*** Titled Tuesday Blitz"]
[Site "Chess.com"]
[Date "2021.04.20"]
[Round "8"]
[White "SHIVACalypso"]
[Black "SanchezKelvin"]
[Result "1-0"]
[WhiteElo "2466"]
[BlackElo "140"]
[TimeControl "180+1"]
[EndTime "11:26:21 PDT"]
[Termination "SHIVACalypso won on time"]

1. Nf3 g6 2. c4 Bg7 3. g3 c5 4.
Bg2 Nc6 5. O-O Nf6 6. Nc3 O-O 7. d3 a6 8. Rb1 Rb8 9. a3 b5 10. cxb5 axb5 11. b4 cxb4 12. axb4 d5 13. Bf4 Rb6 14. Qd2 Bg4 15. Rfc1 Qd7 16. Ne5 Nxe5 17.
Bxe5 Be6 18. e3 Ne8 19. Bxg7 Nxg7 20. Ne2 f6 21. Rc5 Bf7 22. Rbc1 Rfb8 23. Rc7 Qd6 24. R7c5 Qd7 25. Nd4 e5 26. Nb3 Qd8 27. Na5 Qd7 28. Rc7 Qd6 29. R7c5 Be6 30. Qc3 d4 31. exd4 exd4 32.
Qb2 Nf5 33. Rc6 Rxc6 34. Rxc6 Qd7 35. Qe2 Bf7 36. Qc2 Ne7 37. Rc7 Qe6 38. Qc5 1-0

[Event "*** Titled Tuesday Blitz"]
[Site "Chess.com"]
[Date "2021.04.20"]
[Round "8"]
[White "OlifantCZ"]
[Black "bsnsun"]
[Result "0-1"]
[WhiteElo "2265"]
[BlackElo "2445"]
[TimeControl "180+1"]
[EndTime "11:26:21 PDT"]
[Termination "bsnsun won by checkmate"]

1. c4 e6 2. g3 Nf6 3. Bg2 d5 4. Nf3 dxc4 5. Qa4+ Nbd7 6. Qxc4 c5 7. O-O a6 8. b3 b5 9. Qc2 Bb7 10. Bb2 Rc8 11.
a4 Be7 12. axb5 axb5 13. Nc3 Qb6 14. d3 O-O 15. e4 Rfd8 16. h3 Nb8 17. Ne2 Nc6 18.
Rad1 Nb4 19. Qb1 c4 20. bxc4 bxc4 21. Bxf6 Bxf6 22. dxc4 Qc5 23. Nf4 h6 24. e5 Be7 25.
Rc1 Bxf3 26. Bxf3 Qxe5 27. Rfe1 Qf6 28. Qe4 Bc5 29. Nh5 Qg5 30. Be2 g6 31. Nf4 Qxg3+ 32. Ng2 Bxf2+ 33. Kh1 Qxh3# 0-1

[Event "*** Titled Tuesday Blitz"]
[Site "Chess.com"]
[Date "2021.04.20"]
[Round "8"]
[White "JiiHart"]
[Black "anon569"]
[Result "0-1"]
[WhiteElo "1989"]
[BlackElo "2227"]
[TimeControl "180+1"]
[EndTime "11:26:21 PDT"]
[Termination "anon569 won on time"]

1. e4 c5 2. Nf3 d6 3. d4 cxd4 4. Nxd4 Nf6 5. Nc3 a6 6. Bg5 Nbd7 7. f4 Qc7 8. Qf3 b5 9. Nd5 Nxd5 10. exd5 Bb7 11.
O-O-O g6 12. Nc6 Rc8 13. Bd3 Bxc6 14. dxc6 Qxc6 15. Be4 Qb6 16. Rhe1 Nc5 17. f5 Nxe4 18. Qxe4 gxf5 19. Qxf5 Qc5 20. Rd5 Qc7 21. Rxd6 Rg8 22. Rd2 Rg6 23. Rf2 e6 24. Rxe6+ Rxe6 0-1

[Event "*** Titled Tuesday Blitz"]
[Site "Chess.com"]
[Date "2021.04.20"]
[Round "8"]
[White "campomania3"]
[Black "Rytenko_V"]
[Result "0-1"]
[WhiteElo "2192"]
[BlackElo "2335"]
[TimeControl "180+1"]
[EndTime "11:26:22 PDT"]
[Termination "Rytenko_V won by resignation"]

1. d4 d5 2. c4 e5 3. dxe5 d4 4. Nf3 Nc6 5. a3 a5 6. e3 Bc5 7. exd4 Nxd4 8. Nc3 Bg4 9. Be2 Bf5 10. Nxd4 Bxd4 11.
Bf4 Ne7 12. O-O O-O 13. Qd2 Ng6 14. Rad1 Bxc3 15. bxc3 Qxd2 16. Bxd2 Nxe5 17. Bf4 Rfe8 18. Rfe1 h6 19. h3 c6 20. c5 f6 21. Kf1 Kf7 22.
Rd6 g5 23. Be3 Re7 24. Red1 Rae8 25. Bh5+ Bg6 26. Bxg6+ Nxg6 27. Bd4 Ne5 28. g3 Re6 29. f4 Nc4 30. Rd7+ R8e7 31. Rxe7+ Kxe7 32. Rb1 Nd2+ 33. Kf2 Nxb1 0-1